 Dungeon Crawl Stone Soup version 0.19-a0-1170-g18f0c96 (webtiles) character file.

1110 mistymad the Ruffian (level 8, -2/75 (78) HPs)
             Began as a Troll Wizard on Aug 16, 2016.
             Slain by a giant frog (5 damage)
             ... on level 6 of the Dungeon.
             The game lasted 00:08:41 (3899 turns).

mistymad the Ruffian (Troll Wizard)                 Turns: 3899, Time: 00:08:43

HP:   -2/75 (78)    AC:  5    Str: 21    XL:     8   Next: 11%
MP:   11/11         EV:  9    Int: 16    God:
Gold: 251           SH:  0    Dex:  8    Spells: 1 memorised, 12 levels left

rFire  . . .     SeeInvis .       - Unarmed
rCold  . . .     Gourm    +     a - +0 robe
rNeg   . . .     Faith    .     (no shield)
rPois  .         Spirit   .     b - +0 hat
rElec  .         Dismiss  .     (no cloak)
rCorr  .         Reflect  .     (gloves unavailable)
MR     .....     Harm     .     (boots unavailable)
Stlth  +.........               (no amulet)
                                (no ring)
                                (no ring)

@: mighty
A: unfitting armour, claws 3, fast metabolism 3, gourmand, regeneration 2,
shaggy fur 1, tough skin 2
a: no special abilities


You were on level 6 of the Dungeon.
You were very full.

You visited 2 branches of the dungeon, and saw 7 of its levels.

You collected 251 gold pieces.

Inventory:

Missiles
 g - 2 javelins (quivered)
Armour
 a - a +0 robe (worn)
 b - a +0 hat (worn)
Jewellery
 y - a +3 ring of protection {unknown}
Wands
 v - a wand of disintegration (16/24)
Scrolls
 e - 5 scrolls of remove curse
 h - 3 scrolls of fear
 m - a scroll of immolation
Potions
 f - 2 potions of brilliance
 i - a potion of degeneration {unknown}
 k - a potion of curing
 q - a potion of cure mutation
 r - 2 potions of flight
 x - a potion of cancellation
Books
 c - a book of Minor Magic

   Spells                             Type                      Level
   a - Magic Dart                     Conjuration                  1
   b - Blink                          Translocation                2
   c - Call Imp                       Summoning                    2
   d - Repel Missiles                 Charms/Air                   2
   e - Slow                           Hexes                        2
   f - Conjure Flame                  Conjuration/Fire             3
   g - Mephitic Cloud                 Conjuration/Poison/Air       3
Comestibles
 d - 4 bread rations
 j - a meat ration
 n - 2 slices of pizza
 p - 2 beef jerkies


   Skills:
 + Level 4.0 Fighting
 - Level 1.5 Dodging
 - Level 1.1 Stealth
 * Level 6.9 Unarmed Combat
 + Level 3.2 Spellcasting
 - Level 0.6 Conjurations
   Level 0.6 Summonings
   Level 0.6 Translocations


You had 12 spell levels left.
You knew the following spells:

 Your Spells              Type           Power        Failure   Level  Hunger
a - Magic Dart            Conj           #...         17%         1    None


Dungeon Overview and Level Annotations

Branches:
Dungeon (6/15)             Temple (1/1) D:5

Altars:
Ashenzari
Cheibriados
Dithmenos
Fedhas
Gozag
Hepliaklqana
Kikubaaqudgha
Makhleb
Nemelex Xobeh
Okawaru
Pakellas
Qazlal
Ru
Sif Muna
Trog
Uskayaw
Vehumet
Xom
Yredelemnul
Zin
The Shining One


Innate Abilities, Weirdness & Mutations

You are too large for most types of armour.
You have claws for hands.
Your metabolism is lightning-fast.
You like to eat raw meat.
You heal very quickly.
You are covered in fur. (AC +1)
You have very tough skin. (AC +2)


Message History

The giant frog hits you. The centaur barely misses you.
The giant frog zombie hits you but does no damage.
The centaur hits you.
* * * LOW HITPOINT WARNING * * *
The giant frog hits you but does no damage.
You take 9 damage, and have 21/75 hp.
You barely miss the centaur.
The centaur is heavily wounded.
The centaur hits you.
* * * LOW HITPOINT WARNING * * *
The giant frog barely misses you.
The giant frog zombie hits you but does no damage.
You take 4 damage, and have 17/75 hp.
You feel very mighty all of a sudden. The giant frog hits you!
* * * LOW HITPOINT WARNING * * *
The centaur barely misses you. The giant frog zombie hits you.
* * * LOW HITPOINT WARNING * * *
The centaur closely misses you. The giant frog hits you.
You die...

....## ##..# .....#####
#..... .#.......#####
#.....
..####.......#####....#
.. #####...........# ..
#####......# . ####(..#
# ##(..## #@....#
#FZc....# #.........#
...........#
.......(.....#
###........##.#
########## ##


You could see a giant frog, a centaur and a giant frog zombie.

Vanquished Creatures
  A two-headed ogre (D:6)
  Menkaure (D:6)
  A phantom (D:5)
  A necrophage (D:5)
  An ogre (D:5)
  A crimson imp (D:5)
  A centaur zombie (D:5)
  A hound (D:5)
  A centaur skeleton (D:4)
  2 giant frog skeletons
  Jessica (D:2)
  2 worker ants (D:5)
  An iguana (D:5)
  6 adders
  11 river rats (D:4)
  An adder zombie (D:5)
  An adder skeleton (D:4)
  4 worms
  3 dart slugs (D:1)
  3 giant geckos
  3 orcs (D:3)
  A ball python (D:2)
  7 giant cockroaches
  5 goblins
  3 hobgoblins
  8 jackals
  4 kobolds
  2 quokkas (D:3)
  10 bats
  A giant cockroach zombie (D:5)
  A giant gecko zombie (D:6)
  3 giant newts
  19 rats
111 creatures vanquished.

Notes
Turn   | Place    | Note
-------+----------+-------------------------------------------
     0 | D:1      | mistymad the Troll Wizard began the quest for the Orb.
     0 | D:1      | Reached XP level 1. HP: 16/16 MP: 2/2
    64 | D:1      | Reached skill level 1 in Unarmed Combat
    82 | D:1      | Reached XP level 2. HP: 26/26 MP: 4/4
   208 | D:1      | Reached skill level 1 in Fighting
   482 | D:2      | Reached skill level 2 in Unarmed Combat
   482 | D:2      | Reached XP level 3. HP: 32/33 MP: 5/5
   858 | D:2      | Reached XP level 4. HP: 39/41 MP: 6/6
   956 | D:2      | Noticed Jessica
   960 | D:2      | Killed Jessica
   960 | D:2      | Reached skill level 3 in Unarmed Combat
  1355 | D:3      | Reached XP level 5. HP: 41/49 MP: 7/7
  2098 | D:4      | Reached skill level 4 in Unarmed Combat
  2326 | D:4      | Reached XP level 6. HP: 50/59 MP: 8/8
  2454 | D:5      | Entered Level 5 of the Dungeon
  2541 | D:5      | Reached skill level 5 in Unarmed Combat
  2638 | D:5      | Found a staircase to the Ecumenical Temple.
  2668 | Temple   | Entered the Ecumenical Temple
  2866 | D:5      | Reached XP level 7. HP: 54/64 MP: 9/9
  3005 | D:5      | Reached skill level 6 in Unarmed Combat
  3378 | D:5      | Found a deep blue altar of Sif Muna.
  3618 | D:6      | Noticed a two-headed ogre
  3630 | D:6      | Killed a two-headed ogre
  3731 | D:6      | Noticed Menkaure
  3755 | D:6      | Killed Menkaure
  3755 | D:6      | Reached XP level 8. HP: 19/75 MP: 11/11
  3899 | D:6      | HP: 3/75 [giant frog zombie (5)]
  3899 | D:6      | Slain by a giant frog

Vault maps used:
D:1:      dpeg_arrival_windows_large_door
D:2:      first_bread, uniq_jessica
D:4:      dk_rats_in_the_wall
D:5:      led_sif_book
D:6:      elyvilon_altar_5, uniq_menkaure, uniq_duvessa
Temple:   regret_index_temple_sigil_plot

Skill      XL: |  1  2  3  4  5  6  7 |
---------------+----------------------+-----
Unarmed Combat | 1 2 3 4 5 6 |  6.9
Fighting       | 1 2 3 4 |  4.0
Spellcasting   | 3 |  3.2
Dodging        | |  1.5
Stealth        | |  1.1
Conjurations   | |  0.6
Summonings     | |  0.6
Translocations | |  0.6

Action                   |  1- 3 |  4- 6 |  7- 9 || total
-------------------------+-------+-------+-------++-------
Melee: Unarmed           |   107 |   222 |    86 ||   415
       Punch             |       |     3 |     2 ||     5
  Use: Scroll            |       |     1 |    14 ||    15
       Potion            |       |       |     2 ||     2
 Stab: Sleeping          |     2 |     1 |     1 ||     4
       Distracted        |     1 |       |       ||     1
  Eat: Chunk             |    10 |    22 |     9 ||    41
Armor: Robe              |    51 |    68 |    17 ||   136
Dodge: Dodged            |    47 |    79 |    44 ||   170
